 Dungeon Crawl Stone Soup version 0.30-a0-739-gea05faddec (webtiles) character file.

Game seed: 8463677011102905954

6939 KleinerIrrer the Martial Artist (level 11, 0/74 HPs)
             Began as an Octopode Air Elementalist on Feb 4, 2023.
             Was a High Priest of Cheibriados.
             Slain by a komodo dragon (33 damage)
             ... on level 8 of the Dungeon.
             The game lasted 00:25:15 (10333 turns).

KleinerIrrer the Martial Artist (OpAE)             Turns: 10333, Time: 00:25:16

Health: 0/74       AC:  1    Str: 24    XL:     11   Next: 7%
Magic:  14/14      EV: 14    Int: 33    God:    Cheibriados [*****.]
Gold:   322        SH:  0    Dex: 24    Spells: 13/14 levels left

rFire   . . .      SeeInvis .      - Unarmed
rCold   . . .      Faith    .    (no shield)
rNeg    . . .      Spirit   .    (helmet restricted)
rPois   +          Reflect  .    z - amulet of the acrobat
rElec   .          Harm     .    d - ring "Fecaon" {rPois rCorr Int+3}
rCorr   +          Rampage  .    g - ring of resist corrosion
Will    .....                    (no ring)
Stlth   ++++                     (no ring)
HPRegen 0.32/turn                (no ring)
MPRegen 0.14/turn                (no ring)
                                 (no ring)
                                 (no ring)

@: very slow
A: almost no armour, amphibious, 8 rings, camouflage 1, gelatinous body 1,
(nimble swimmer 1), tentacles
a: Renounce Religion, Bend Time, Temporal Distortion, Slouch, Step From Time


You were on level 8 of the Dungeon.
You worshipped Cheibriados.
Cheibriados was extremely pleased with you.
You visited 2 branches of the dungeon, and saw 10 of its levels.
You also visited: Ossuary.

You collected 622 gold pieces.
You spent 300 gold pieces at shops.

Inventory:

Hand Weapons
 y - the +4 sling "Niuzug" {drain, rElec rPois Dex+3}
   (You found it on level 4 of the Dungeon)

   Dex:       It affects your dexterity (+3).
   rElec:     It insulates you from electricity.
   rPois:     It protects you from poison.
Missiles
 e - 10 poisoned darts
 u - 4 throwing nets
Jewellery
 d - the ring "Fecaon" (left tentacle) {rPois rCorr Int+3}
   (You acquired it on level 2 of the Dungeon)

   [ring of resist corrosion]

   Int:       It affects your intelligence (+3).
   rPois:     It protects you from poison.
   rCorr:     It protects you from acid and corrosion.
 g - a ring of resist corrosion (right tentacle)
 z - an amulet of the acrobat (around mantle)
Wands
 j - a wand of paralysis (1)
 C - a wand of polymorph (10)
 E - a wand of roots (7)
Scrolls
 f - 2 scrolls of poison
 h - 2 scrolls of immolation
 n - 3 scrolls of teleportation
 q - a scroll of brand weapon {unknown}
 w - a scroll of identify
 A - a scroll of amnesia {unknown}
 B - 4 scrolls of fog
 D - a scroll of noise {unknown}
Potions
 a - 4 potions of magic
 b - 2 potions of attraction
 c - a potion of berserk rage {unknown}
 i - 2 potions of invisibility
 k - 5 potions of curing
 l - a potion of cancellation
 m - 4 potions of flight
 o - a potion of brilliance {unknown}
 p - a potion of mutation {unknown}
 r - 2 potions of lignification
 s - 2 potions of degeneration {unknown}
 v - a potion of might {unknown}
 x - 2 potions of resistance {unknown}
Miscellaneous
 F - a condenser vane


   Skills:
 - Level 6.9 Fighting
 - Level 2.0 Dodging
 - Level 2.6 Stealth
 + Level 14.8 Unarmed Combat
 - Level 2.0 Spellcasting
 - Level 1.0 Conjurations
 - Level 3.0 Air Magic


You had 13 spell levels left.
You knew the following spells:

 Your Spells              Type           Power      Damage    Failure   Level
a - Shock                 Conj/Air       64%        1d7       2%          1

Your spell library contained the following spells:

 Spells                   Type           Power      Damage    Failure   Level
 Static Discharge         Conj/Air       32%        2-4/arc   4%          2
 Swiftness                Air            23%        N/A       5%          3
 Beastly Appendage        Tmut           6%         N/A       6%          1
 Momentum Strike          Conj/Tloc      12%        3d8       8%          2
 Blink                    Tloc           6%         N/A       10%         2
 Lesser Beckoning         Tloc           6%         N/A       10%         2
 Wereblood                Tmut           3%         N/A       10%         2
 Spider Form              Tmut/Pois      3%         N/A       19%         3
 Airstrike                Air            11%        2d(2-18)  19%         4
 Animate Dead             Necr           3%         N/A       54%         4
 Haunt                    Necr/Summ      1%         N/A       100%        7
 Infestation              Necr           1%         N/A       100%        8


Dungeon Overview and Level Annotations

Branches:
Dungeon (9/15)             Temple (1/1) D:4         Ossuary (visited)
   Lair: D:8-11         Orc: D:9-12

Altars:
Ashenzari
Cheibriados
Dithmenos
Elyvilon
Fedhas
Gozag
Hepliaklqana
Kikubaaqudgha
Makhleb
Nemelex Xobeh
Okawaru
Qazlal
Ru
Sif Muna
Trog
Uskayaw
Vehumet
Wu Jian
Xom
Yredelemnul
Zin
The Shining One

Shops:
D:4 *:

Annotations:
D:6 Dowan, Duvessa, Menkaure


Innate Abilities, Weirdness & Mutations

You cannot wear most types of armour.
You are amphibious.
You can wear up to eight rings at the same time.
Your skin changes colour to match your surroundings (Stealth+).
Your rubbery body absorbs attacks. (AC +1, EV +1)
((You are camouflaged when in or above water. (Stealth+)))
You have tentacles for arms and can constrict up to eight enemies at once.


Message History

You constrict Joseph.
You kill Joseph!
Cheibriados appreciates the change of pace.
You feel better.
The sentinel's mark upon you fades away.
You see here a +0 club.
Your attacks no longer feel as feeble.
You start resting.
A gnoll bouda is nearby!
You tentacle-slap the gnoll bouda. You grab the gnoll bouda.
You squeeze the gnoll bouda.
The gnoll bouda is heavily wounded.
You constrict the gnoll bouda, but do no damage.
You bludgeon the gnoll bouda!
You kill the gnoll bouda!
Cheibriados thoroughly appreciates the change of pace.
Cheibriados raises the support of your attributes as your movement slows.
You start resting.
A gnoll is nearby!
A komodo dragon comes into view.
The gnoll hits you with a +0 spear.
Items here: $ ) ? [.
The komodo dragon hisses angrily.
You bludgeon the gnoll! You grab the gnoll.
The gnoll is almost dead.
You constrict the gnoll. The gnoll hits you with a +0 spear.
You tentacle-slap the gnoll.
You kill the gnoll!
Cheibriados appreciates the change of pace.
You start resting.
A komodo dragon is nearby!
You bludgeon the komodo dragon!
You squeeze the komodo dragon, but do no damage.
The komodo dragon is moderately wounded.
The komodo dragon barely misses you.
You batter the komodo dragon!!
You squeeze the komodo dragon, but do no damage.
The komodo dragon is severely wounded.
The komodo dragon bites you!!
You die...

###### ####...@#
#....#l###
...##...).#####
#....).)#...## .
#...#...)......##
##. ..#
#####)......# ...
# #....l..####.#
#.......##...#
..............#


You could see a komodo dragon.

Vanquished Creatures
  A deep elf pyromancer (D:9)
  Joseph (D:8)
  Eustachio (D:5)
  19 yaks
  2 water moccasins
  An orc warrior (D:9)
  2 black bears
  A sky beast (D:8)
  An ogre (D:4)
  4 centaurs
  A phantom (D:5)
  Blork the orc (D:5)
  4 scorpions
  3 bullfrogs
  A gnoll sergeant (D:5)
  6 wights (D:9)
  4 howler monkeys
  6 orc priests
  2 hounds
  4 jellies
  A gnoll bouda (D:8)
  9 orc wizards
  3 iguanas
  9 mummies
  Robin (D:2)
  11 adders
  21 gnolls
  2 ufetubi
  5 dart slugs
  30 orcs
  3 ball pythons (D:1)
  4 endoplasms
  5 giant cockroaches
  A gnoll zombie (Ossuary)
  12 hobgoblins
  3 jackals (D:1)
  5 quokkas
  3 bats
  21 goblins
  A hobgoblin zombie (Ossuary)
  16 kobolds
  6 kobold zombies
  2 orc zombies
  A rat (D:1)
240 creatures vanquished.

Vanquished Creatures (others)
  6 plants
6 creatures vanquished.

Grand Total: 246 creatures vanquished

Notes
Turn   | Place    | Note
-------+----------+-------------------------------------------
     0 | D:1      | KleinerIrrer the Octopode Air Elementalist began the quest
                  | for the Orb.
     0 | D:1      | Reached XP level 1. HP: 11/11 MP: 3/3
   362 | D:1      | Reached skill level 1 in Fighting
   362 | D:1      | Reached skill level 1 in Unarmed Combat
   362 | D:1      | Reached XP level 2. HP: 18/18 MP: 0/5
  1075 | D:2      | Reached XP level 3. HP: 19/24 MP: 1/6
  1136 | D:2      | Reached skill level 2 in Unarmed Combat
  1268 | D:2      | Reached XP level 4. HP: 9/29 MP: 1/7
  2255 | D:2      | Reached skill level 3 in Unarmed Combat
  2318 | D:2      | Noticed Robin
  2326 | D:2      | HP: 1/30 [goblin/+0 club[Robin] (4)]
  2327 | D:2      | Reached XP level 5. HP: 1/36 MP: 1/8
  2335 | D:2      | Killed Robin
  2457 | D:2      | Identified 2 scrolls of acquirement
  2457 | D:2      | Acquired the ring of Ribeipaa {rCorr Str-2 Dex+3}
  2458 | D:2      | Acquired the ring "Fecaon" {rPois rCorr Int+3}
  2648 | D:3      | Found a shimmering altar of Xom.
  2731 | D:3      | Noticed a centaur
  2742 | D:3      | Killed a centaur
  3011 | D:3      | Reached XP level 6. HP: 40/43 MP: 4/9
  3148 | D:3      | You fall into a shaft and drop 1 floor!
  3160 | D:4      | Reached skill level 4 in Unarmed Combat
  3176 | D:4      | Found a staircase to the Ecumenical Temple.
  3283 | D:4      | Found Yfaeji's Book Emporium.
  3355 | Temple   | Entered the Ecumenical Temple
  3540 | Temple   | Became a worshipper of Cheibriados the Contemplative
  3603 | D:4      | Found a sand-covered staircase.
  3610 | Ossuary  | Entered an ossuary
  3634 | Ossuary  | Reached XP level 7. HP: 27/49 MP: 10/10
  3643 | Ossuary  | HP: 2/49 [mummy (18)]
  3835 | Ossuary  | Reached skill level 5 in Unarmed Combat
  3893 | Ossuary  | Reached skill level 5 in Fighting
  4712 | D:4      | Reached * piety under Cheibriados
  5213 | D:4      | Identified the +4 sling "Niuzug" {drain, rElec rPois Dex+3}
  5279 | D:4      | Found Qetufoe's Neck Hole.
  5283 | D:4      | Bought an amulet of the acrobat for 300 gold pieces
  5478 | D:5      | Entered Level 5 of the Dungeon
  5529 | D:4      | Reached ** piety under Cheibriados
  5851 | D:4      | Reached skill level 6 in Unarmed Combat
  5853 | D:4      | Reached XP level 8. HP: 32/57 MP: 11/11
  6529 | D:5      | Reached skill level 7 in Unarmed Combat
  6623 | D:5      | Found a bloodstained altar of Trog.
  6623 | D:5      | Found a radiant altar of Vehumet.
  6623 | D:5      | Found a hazy altar of Hepliaklqana.
  6638 | D:5      | Noticed Blork the orc
  6651 | D:5      | Killed Blork the orc
  6797 | D:5      | Noticed Eustachio
  6807 | D:5      | Killed Eustachio
  6808 | D:5      | Reached skill level 8 in Unarmed Combat
  6945 | D:6      | Noticed Menkaure
  7063 | D:6      | Noticed Duvessa
  7063 | D:6      | Noticed Dowan
  7213 | D:6      | Noticed a yak
  7235 | D:6      | Killed a yak
  7236 | D:6      | Reached XP level 9. HP: 47/63 MP: 12/12
  7301 | D:6      | Reached *** piety under Cheibriados
  7325 | D:6      | Reached skill level 9 in Unarmed Combat
  7633 | D:7      | Reached skill level 10 in Unarmed Combat
  8116 | D:7      | Identified the +1 quarterstaff of the Growing Scorpion
                  | {elec, rCorr}
  8299 | D:8      | Reached skill level 11 in Unarmed Combat
  8308 | D:8      | Noticed Joseph
  8803 | D:9      | Reached **** piety under Cheibriados
  8804 | D:9      | Reached XP level 10. HP: 67/69 MP: 13/13
  8843 | D:9      | Reached skill level 12 in Unarmed Combat
  9567 | D:9      | Reached skill level 13 in Unarmed Combat
  9639 | D:9      | Noticed a deep elf pyromancer
  9660 | D:9      | Killed a deep elf pyromancer
  9665 | D:9      | Reached ***** piety under Cheibriados
  9913 | D:9      | Reached skill level 14 in Unarmed Combat
 10261 | D:8      | Reached XP level 11. HP: 60/74 MP: 14/14
 10275 | D:8      | Killed Joseph
 10333 | D:8      | Slain by a komodo dragon

Illustrated notes

Levels and vault maps discovered:
D:1:      minmay_arrival_split_and_join, layout_basic
D:2:      minmay_skewed_foursquare, layout_basic, uniq_robin
D:3:      layout_rooms, mainiacjoe_overflow_six_doors_small
D:4:      corexii_shantytown, layout_gridville, minmay_temple_entry_glass,
          serial_shops, shop_statue, nicolae_ossuary_entry_giza,
          nicolae_shop_sticking_my_neck_out
D:5:      layout_cave_pools, gammafunk_temple_overflow_claw,
          serial_column_ruins, column_ruins_square_medium,
          column_ruins_hut_pillars, column_ruins_grid_4,
          column_ruins_open_medium, column_ruins_corridor_water,
          column_ruins_corridor_straight, column_ruins_columns_corner,
          column_ruins_open_small, portal_sewer_entry_d, chequers_garden,
          uniq_blork_the_orc, uniq_eustachio
D:6:      layout_cave_pools, minmay_misc_feat_encased, uniq_menkaure,
          uniq_crazy_yiuf_cottage, uniq_duvessa
D:7:      layout_cave_pools
D:8:      layout_rooms, david_lair_shrubbed, uniq_joseph
D:9:      minmay_recursive_quarters, layout_basic, kb_lookout_dungeons_type
Temple:   dpeg_five_rooms_temple

Skill      XL: |  1  2  3  4  5  6  7  8  9 10 |
---------------+-------------------------------+-----
Fighting       | 1 2 3 4 6 |  6.9
Unarmed Combat | 1 2 3 4 6 8 11 14 | 14.8
Dodging        | |  2.0
Stealth        | |  2.6
Spellcasting   | |  2.0
Conjurations   | |  1.0
Air Magic      | |  3.0

Action                     |  1- 3 |  4- 6 |  7- 9 | 10-12 || total
---------------------------+-------+-------+-------+-------++-------
  Melee: Unarmed           |    52 |    30 |   168 |   107 ||   357
         Constrict         |    12 |    28 |    57 |    19 ||   116
         Tentacles         |     8 |    25 |    68 |    22 ||   123
         Punch             |     2 |     6 |    14 |    16 ||    38
         Dagger            |       |    57 |    82 |       ||   139
   Fire: Sling             |       |       |   124 |    46 ||   170
   Cast: Shock             |    28 |    59 |       |     6 ||    93
    Use: Scroll            |       |    10 |    10 |     2 ||    22
         Potion            |       |     3 |     6 |     3 ||    12
   Stab: Sleeping          |     2 |     2 |     8 |       ||    12
         Invisible         |       |       |     2 |       ||     2
         Fleeing           |       |       |       |     1 ||     1
 Armour: Skin              |     2 |     8 |    12 |     5 ||    27
  Dodge: Dodged            |    36 |    68 |   193 |    62 ||   359

Table legend: (Time is in decaauts)
 A = Elapsed time spent in this place.
 B = Non-inter-level travel time spent in this place.
 C = Inter-level travel time spent in this place.
 D = Time resting spent in this place.
 E = Time spent auto-exploring this place.
 F = Levels seen in this place.
 G = Mean time per level.
                   A        B        C        D        E       F      G
               +--------+--------+--------+--------+--------+-----+--------+
         Total |  11827 |  10592 |   1235 |   3092 |   5654 |  11 | 1075.2 |
       Dungeon |  11058 |   9891 |   1167 |   2833 |   5402 |   9 | 1228.7 |
        Temple |    224 |    157 |     67 |      0 |    146 |   1 |  224.0 |
       Ossuary |    544 |    544 |      0 |    259 |    105 |   1 |  544.0 |
               +--------+--------+--------+--------+--------+-----+--------+

Top non-repeatable levels by time:
     D:4: 2400 daAuts
     D:2: 1548 daAuts
     D:9: 1540 daAuts
     D:5: 1367 daAuts
     D:7: 1202 daAuts
     D:1: 1048 daAuts
     D:8: 778 daAuts
     D:3: 650 daAuts
 Ossuary: 544 daAuts
     D:6: 522 daAuts
  Temple: 224 daAuts
